 Dungeon Crawl Stone Soup version 0.29-a0-464-g50448035db (webtiles) character file.

Game seed: 16419931066848438891

276 Bruhh the Magician (level 6, -3/40 HPs)
             Began as a Djinni Fire Elementalist on May 21, 2022.
             Slain by an orc wizard
             ... wielding a +0 dagger
              (4 damage)
             ... on level 4 of the Dungeon.
             The game lasted 00:03:14 (5861 turns).

Bruhh the Magician (Djinni Fire Elementalist)       Turns: 5861, Time: 00:03:15

Health: -3/40      AC:  2    Str:  7    XL:     6   Next: 50%
Gold:   182        EV: 12    Int: 19    God:
                   SH:  0    Dex: 13

rFire   + + .      SeeInvis .   (no weapon)
rCold   x . .      Faith    .   (no shield)
rNeg    . . .      Spirit   .   a - +0 robe
rPois   ∞          Reflect  .   (no helmet)
rElec   .          Harm     .   (no cloak)
rCorr   .          Rampage  .   (no gloves)
Will    .....                   (boots unavailable)
Stlth   ++........              (no amulet)
HPRegen 0.13/turn               (no ring)
MPRegen 0.00/turn               (no ring)

@: brilliant, flying
A: sickness immunity, fire resistance 2, cold vulnerability 1, float, innate
caster, HP casting, extra vitality 1
a: no special abilities


You were on level 4 of the Dungeon.
You visited 1 branch of the dungeon, and saw 4 of its levels.

You collected 182 gold pieces.

Inventory:

Missiles
 b - a throwing net
Armour
 a - a +0 robe (worn)
Wands
 m - a wand of flame (10)
Scrolls
 e - 3 scrolls of identify {unknown}
 f - a scroll of summoning {unknown}
 h - a scroll of magic mapping {unknown}
 i - a scroll of blinking {unknown}
 j - a scroll of teleportation {unknown}
 n - a scroll of fog {unknown}
Potions
 c - 2 potions of curing {unknown}
 d - a potion of might
 g - 3 potions of haste
 k - a potion of brilliance
 l - a potion of degeneration {unknown}


   Skills:
 - Level 2.1 Dodging
 - Level 1.5 Stealth
 + Level 5.2 Spellcasting


You couldn't memorise any spells.
You knew the following spells:

 Your Spells              Type           Power      Damage    Failure   Level
a - Foxfire               Conj/Fire      100%       2x1d9     1%          1
b - Scorch                Fire           74%        2d9       1%          2
c - Conjure Flame         Conj/Fire      37%        6-21      4%          3
d - Inner Flame           Hex/Fire       37%        N/A       4%          3
e - Flame Wave            Conj/Fire      37%        2d9       14%         4
f - Slow                  Hex            100%       N/A       1%          1
g - Call Imp              Summ           37%        N/A       1%          2
Your spell library was empty.

Dungeon Overview and Level Annotations

Branches:
Dungeon (4/15)
 Temple: D:4-7

Altars:
Gozag
Hepliaklqana
Wu Jian

Shops:
D:1 [


Innate Abilities, Weirdness & Mutations

You are immune to sickness and miasma.
You are immune to poison.
Your flesh is very heat resistant. (rF++)
You are vulnerable to cold. (rC-)
You float through the air rather than walking.
You learn spells naturally, not from books.
Your magical power is your life essence.
You have superior vitality. (+4 MHP)


Message History

Nothing appears to happen.
An orc comes into view. It is wielding a +0 hand axe.
The orc wizard mumbles some strange words.
The orc wizard flickers and vanishes!
Deactivating autopickup; reactivate with Ctrl-A.
Flames lash something.
The orc shouts!
An orc priest comes into view. It is wielding a +0 dagger.
A hobgoblin comes into view.
You hit the orc.
The orc is lightly wounded.
The orc priest invokes the aid of Beogh against you.
Beogh smites you!
You hit the orc but do no damage.
The orc is lightly wounded.
The orc barely misses you. Something hits you.
Flames lash the orc.
The orc is severely wounded.
The orc's fire resistance burns away.
The orc priest casts a cantrip, but nothing happens.
You are too injured to fight recklessly!
You are too injured to fight recklessly!
There are monsters nearby!
Something hits you. The orc attacks as you move away!
The orc hits you with a +0 dagger. The orc completely misses you.
Your magical contamination has completely faded away.
You see here a scroll labelled ZIOTTOLLATH.
The orc attacks as you move away! The orc hits you with a +0 short sword.
The orc is no longer more vulnerable to fire.
The orc priest invokes the aid of Beogh against you.
Beogh smites you!
* * * LOW HITPOINT WARNING * * *
There is an escape hatch in the ceiling here.
Unknown command.
It was a potion of brilliance.
You feel clever all of a sudden. The orc hits you with a +0 short sword.
* * * LOW HITPOINT WARNING * * *
Something hits you.
You die...

...........#
...........####+#.# ..
..................# .## .
..................+ .. ..
..................## #.##...
................... .......
...........##...#.## .......
...........##...#o.##.......
...........##...@o.?g..o....
.........).###...{o......#..
.........).###.......#+#....
.................##..... ...
###.####.........##...... .
# #=# #)........##.....# #
#.# #.........###.#+## # #.#
#.........+ ..# # ..#
#.........#


You could see an orc priest, 3 orcs and a hobgoblin.

Vanquished Creatures
  A phantom (D:4)
  A hound (D:4)
  An orc priest (D:3)
  An orc wizard (D:4)
  3 adders
  A worm (D:2)
  2 dart slugs
  6 orcs
  9 ball pythons
  4 endoplasms
  5 giant cockroaches
  6 goblins
  9 hobgoblins
  3 jackals (D:3)
  5 kobolds
  2 quokkas
  8 bats
  8 frilled lizards
  6 rats
81 creatures vanquished.

Vanquished Creatures (others)
  36 foxfires (D:1)
  2 plants (D:3)
38 creatures vanquished.

Grand Total: 119 creatures vanquished

Notes
Turn   | Place    | Note
-------+----------+-------------------------------------------
     0 | D:1      | Bruhh the Djinni Fire Elementalist began the quest for the
                  | Orb.
     0 | D:1      | Reached XP level 1. HP: 15/15 MP: 0/0
  1007 | D:1      | Reached XP level 2. HP: 4/21 MP: 0/0
  1420 | D:1      | Reached skill level 3 in Spellcasting
  1829 | D:1      | Found Niolipo's Armour Shoppe.
  2150 | D:2      | Reached XP level 3. HP: 23/25 MP: 0/0
  2150 | D:2      | Learned a level 1 spell: Slow
  2862 | D:2      | Found an opulent altar of Gozag.
  2866 | D:2      | Reached XP level 4. HP: 21/31 MP: 0/0
  3674 | D:2      | Found a faded altar of an unknown god.
  4078 | D:3      | Found a hazy altar of Hepliaklqana.
  4102 | D:3      | Reached skill level 4 in Spellcasting
  4194 | D:3      | Found an ornate altar of the Wu Jian Council.
  4392 | D:3      | Reached XP level 5. HP: 10/35 MP: 0/0
  4392 | D:3      | Learned a level 2 spell: Call Imp
  5170 | D:3      | Found the +3 woodcutter's axe {vorpal}
  5434 | D:4      | Noticed a phantom
  5442 | D:4      | Killed a phantom
  5443 | D:4      | Reached XP level 6. HP: 18/40 MP: 0/0
  5447 | D:4      | Reached skill level 5 in Spellcasting
  5860 | D:4      | HP: 1/40 [orc priest/divine providence (12)]
  5861 | D:4      | Slain by an orc wizard

Illustrated notes

Levels and vault maps discovered:
D:1:      lightli_molten_gateway, layout_basic, serial_corexii_hall,
          corexii_hall_statues_i, chequers_hall_statues_y,
          chequers_hall_statues_wall_a, corexii_hall_statues_x,
          corexii_hall_statues_x, corexii_hall_statues_u, serial_shops,
          nicolae_shop_behind_doors
D:2:      layout_loops_corners, shapermc_ecumenical_altar_mp_vishouse,
          basic_altar, minmay_lizard_pond
D:3:      layout_rooms, nicolae_hepliaklqana_hazy_memory,
          nicolae_wu_jian_wuxing_cycle, minmay_starry_boxes
D:4:      layout_basic, nicolae_dithmenos_shadow_blocks, temple_statues

Skill      XL: |  1  2  3  4  5  6 |
---------------+-------------------+-----
Spellcasting   | 3 4 5 |  5.2
Dodging        | |  2.1
Stealth        | |  1.5

Action                   |  1- 3 |  4- 6 || total
-------------------------+-------+-------++-------
Melee: Unarmed           |    11 |     6 ||    17
 Cast: Foxfire           |    22 |       ||    22
       Scorch            |    31 |    68 ||    99
  Use: Potion            |       |     3 ||     3
Armor: Robe              |     2 |     5 ||     7
Dodge: Dodged            |    22 |    20 ||    42

Table legend: (Time is in decaauts)
 A = Elapsed time spent in this place.
 B = Non-inter-level travel time spent in this place.
 C = Inter-level travel time spent in this place.
 D = Time resting spent in this place.
 E = Time spent auto-exploring this place.
 F = Levels seen in this place.
 G = Mean time per level.
                   A        B        C        D        E       F      G
               +--------+--------+--------+--------+--------+-----+--------+
         Total |   5841 |   5761 |     80 |    376 |   4959 |   4 | 1460.2 |
       Dungeon |   5841 |   5761 |     80 |    376 |   4959 |   4 | 1460.2 |
               +--------+--------+--------+--------+--------+-----+--------+

Top non-repeatable levels by time:
     D:1: 2107 daAuts
     D:2: 2000 daAuts
     D:3: 1285 daAuts
     D:4: 448 daAuts
